 Dungeon Crawl Stone Soup version 0.26-a0-812-g31a745ddcd (webtiles) character file.

Game seed: 17059945036240789979

25 ultratwo the Skirmisher (level 3, -1/33 HPs)
             Began as a Hill Orc Fighter on Nov 17, 2020.
             Slain by a quokka (2 damage)
             ... on level 2 of the Dungeon.
             The game lasted 00:09:48 (1147 turns).

ultratwo the Skirmisher (Hill Orc Fighter)          Turns: 1147, Time: 00:09:48

Health: -1/33      AC:  7    Str: 19    XL:     3   Next: 6%
Magic:  3/3        EV:  7    Int:  8    God:
Gold:   32         SH:  9    Dex: 10    Spells: 2/2 levels left

rFire    . . .     SeeInvis .   a - +0 war axe
rCold    . . .     Faith    .   c - +0 kite shield
rNeg     . . .     Spirit   .   b - +0 scale mail
rPois    .         Reflect  .   (no helmet)
rElec    .         Harm     .   (no cloak)
rCorr    .         Rampage  .   (no gloves)
MR       +....                  (no boots)
Stlth    ..........             (no amulet)
HPRegen  0.11/turn              j - ring of protection from magic
MPRegen  0.08/turn              (no ring)

@: no status effects
A: no striking features
a: no special abilities


You were on level 2 of the Dungeon.
You visited 1 branch of the dungeon, and saw 2 of its levels.

You collected 32 gold pieces.

Inventory:

Hand Weapons
 a - a +0 war axe (weapon)
 e - a cursed +0 club
 f - a +0 dagger
 g - a cursed -2 hand axe
 k - a +0 short sword
Missiles
 h - 33 stones (quivered)
 l - 19 arrows
Armour
 b - a +0 scale mail (worn)
 c - a +0 kite shield (worn)
 m - a cursed +0 leather armour
Jewellery
 j - a ring of protection from magic (left hand)
Scrolls
 i - a scroll of remove curse
Potions
 d - a potion of might
 n - a potion of brilliance {unknown}


   Skills:
 + Level 3.9 Fighting
 + Level 3.2 Axes
 + Level 3.7 Armour
 + Level 3.6 Shields


You had 2 spell levels left.
You didn't know any spells.
Your spell library was empty.

Dungeon Overview and Level Annotations

Branches:
Dungeon (2/15)

Altars:
Zin


Message History

* * * LOW HITPOINT WARNING * * *
You feel sick.
The quokka bites you but does no damage.
* * * LOW HITPOINT WARNING * * *
You feel sick. You block the quokka's attack.
* * * LOW HITPOINT WARNING * * *
You feel sick.
You are no longer poisoned.
You block the quokka's attack.
You closely miss the quokka.
The quokka bites you but does no damage.
The quokka barely misses you. You block the quokka's attack.
You barely miss the quokka. You block the quokka's attack.
You closely miss the quokka.
The quokka bites you but does no damage.
The quokka bites you.
* * * LOW HITPOINT WARNING * * *
You closely miss the quokka. The quokka bites you.
You die...

##########.#.......#.###.#
#..........##.....##..##.#
#.....##...####.####...#.#
####........................#
..........##.#.###...###....#
###......##.#.###..## ....#
##..##.#..#.##...# .......
#...#.#.##.#.#.#.......
###.......r@.............
............###...........
#.###...#....# ##.#####....
#..........##.# ....
##............# ...
##.>.....).#.# ..
#.##...##.#.# #.. #...# .#..
.... ...## #


You could see a quokka.

Vanquished Creatures
  An adder (D:2)
  An ooze (D:1)
  A dart slug (D:1)
  A bat (D:1)
  A giant cockroach (D:1)
  2 hobgoblins (D:1)
  A frilled lizard (D:1)
  A goblin (D:1)
  2 kobolds (D:1)
11 creatures vanquished.

Notes
Turn   | Place    | Note
-------+----------+-------------------------------------------
     0 | D:1      | ultratwo the Hill Orc Fighter began the quest for the Orb.
     0 | D:1      | Reached XP level 1. HP: 19/19 MP: 1/1
   474 | D:1      | Reached XP level 2. HP: 27/27 MP: 2/2
  1015 | D:2      | Found a glowing silver altar of Zin.
  1116 | D:2      | Reached XP level 3. HP: 5/33 MP: 3/3
  1134 | D:2      | HP: 1/33 [poisoned by an adder]
  1145 | D:2      | HP: 1/33 [quokka (2)]
  1147 | D:2      | Slain by a quokka

Illustrated notes

Levels and vault maps discovered:
D:1:      saegor_arrival_simple_d, layout_basic, bh_walls_and_bars
D:2:      layout_loops_ring, old_standard_altar, minmay_heptomino_l4

Skill      XL: |  1  2 |
---------------+-------+-----
Axes           | 3 |  3.2
Fighting       | |  3.9
Armour         | |  3.7
Shields        | |  3.6

Action                   || total
-------------------------++-------
Melee: War axe           ||    50
  Use: Scroll            ||     2
Armor: Scale mail        ||    32
Dodge: Dodged            ||    14
Block: Kite shield       ||    34

Table legend: (Time is in decaauts)
 A = Elapsed time spent in this place.
 B = Non-inter-level travel time spent in this place.
 C = Inter-level travel time spent in this place.
 D = Time resting spent in this place.
 E = Time spent auto-exploring this place.
 F = Levels seen in this place.
 G = Mean time per level.
                   A        B        C        D        E       F      G
               +--------+--------+--------+--------+--------+-----+--------+
         Total |   1168 |   1107 |     61 |      0 |      0 |   2 |  584.0 |
       Dungeon |   1168 |   1107 |     61 |      0 |      0 |   2 |  584.0 |
               +--------+--------+--------+--------+--------+-----+--------+

Top non-repeatable levels by time:
     D:1: 1019 daAuts
     D:2: 148 daAuts
